 Dungeon Crawl Stone Soup version 0.19.0-19-g8c6edcc (webtiles) character file.

1982 Cimanyd the Covert (level 9, 0/51 HPs)
             Began as an Octopode Enchanter on Nov 14, 2016.
             Was a Believer of Fedhas.
             Slain by a wyvern skeleton (9 damage)
             ... on level 7 of the Dungeon.
             The game lasted 00:18:32 (7615 turns).

Cimanyd the Covert (Octopode Enchanter)             Turns: 7615, Time: 00:18:33

Health: 0/51       AC:  8    Str:  8    XL:     9   Next: 20%
Magic:  16/16      EV: 13    Int: 17    God:    Fedhas [**....]
Gold:   336        SH:  5    Dex: 15    Spells: 3 memorised, 12 levels left

rFire  . . .     SeeInvis .     m - +1 dagger (protect)
rCold  . . .     Gourm    .     a - +0 buckler
rNeg   . . .     Faith    .     (helmet restricted)
rPois  .         Spirit   .     (no amulet)
rElec  .         Reflect  .     (no ring)
rCorr  .         Harm     .     (no ring)
MR     .....                    (no ring)
Stlth  +++++.....               (no ring)
                                (no ring)
                                (no ring)
                                (no ring)
                                (no ring)

@: protection aura
A: almost no armour, stealthy swim, amphibious, 8 rings, constrict 8, camouflage
1, gelatinous body 1
a: Fungal Bloom, Evolution, Sunlight, Renounce Religion


You were on level 7 of the Dungeon.
You worshipped Fedhas.
Fedhas was pleased with you.
You were hungry.

You visited 2 branches of the dungeon, and saw 8 of its levels.
You also visited: Ossuary.

You collected 336 gold pieces.

Inventory:

Hand Weapons
 m - a +1 dagger of protection (weapon)
   (You took it off a kobold on level 1 of the Dungeon)
Missiles
 w - a throwing net (quivered)
Armour
 a - a +0 buckler (worn)
Wands
 p - a wand of lightning (4/15)
 v - a wand of enslavement (15/24)
Scrolls
 c - 4 scrolls of remove curse
 d - a scroll of enchant armour {unknown}
 i - 4 scrolls of identify
 k - a scroll of enchant weapon {unknown}
 l - 3 scrolls of noise {unknown}
 o - a scroll of fear
 t - 4 scrolls of teleportation
Potions
 e - a potion of flight
 f - 6 potions of curing
 j - 3 potions of cancellation {unknown}
 q - a potion of might
 r - a potion of degeneration {unknown}
 s - 2 potions of haste {unknown}
Books
 b - a book of Maledictions

   Spells                             Type                      Level
   a - Corona                         Hexes                        1
   b - Ensorcelled Hibernation        Hexes/Ice                    2
   c - Confuse                        Hexes                        3
   d - Tukima's Dance                 Hexes                        3
   e - Dazzling Spray                 Conjuration/Hexes            3
Comestibles
 g - 7 meat rations
 h - 6 bread rations
 n - 9 beef jerkies
 u - 2 chunks of flesh


   Skills:
 - Level 5.3 Short Blades
 - Level 2.0 Dodging
 - Level 8.0 Stealth
 + Level 3.7 Shields
 - Level 5.0 Spellcasting
 + Level 7.3 Hexes


You had 12 spell levels left.
You knew the following spells:

 Your Spells              Type           Power        Failure   Level  Hunger
b - Ensorcelled Hibernat  Hex/Ice        ###...       8%          2    #......
c - Confuse               Hex            ####....     1%          3    ###....
z - Corona                Hex            ####...      1%          1    None


Dungeon Overview and Level Annotations

Branches:
Dungeon (7/15)             Temple (1/1) D:6

Altars:
Ashenzari
Cheibriados
Dithmenos
Elyvilon
Fedhas
Gozag
Hepliaklqana
Kikubaaqudgha
Makhleb
Nemelex Xobeh
Okawaru
Qazlal
Ru
Sif Muna
Trog
Uskayaw
Vehumet
Xom
Yredelemnul
Zin
The Shining One

Shops:
D:7 }

Annotations:
D:4 Grinder


Innate Abilities, Weirdness & Mutations

You cannot wear most types of armour.
You are very stealthy in the water. (Stealth+)
You are amphibious.
You can wear up to eight rings at the same time.
You can use your tentacles to constrict eight enemies at once.
Your skin changes colour to match your surroundings (Stealth+).
Your rubbery body absorbs attacks. (AC +1, EV +1)


Message History

The wyvern skeleton barely misses you.
You hit the wyvern skeleton.
The wyvern skeleton is lightly damaged.
You constrict the orc. The orc closely misses you.
The wyvern skeleton barely misses you.
You hit the wyvern skeleton but do no damage.
The wyvern skeleton is lightly damaged.
You constrict the orc. You block the wyvern skeleton's attack.
You hit the wyvern skeleton. You squeeze the wyvern skeleton!
The wyvern skeleton is heavily damaged.
You constrict the orc.
You kill the orc!
You barely miss the wyvern skeleton.
The wyvern skeleton is heavily damaged.
The wyvern skeleton closely misses you.
You completely miss the wyvern skeleton.
The wyvern skeleton is heavily damaged.
The wyvern skeleton misses you.
You hit the wyvern skeleton.
The wyvern skeleton is heavily damaged.
The wyvern skeleton bites you.
You hit the wyvern skeleton.
The wyvern skeleton is heavily damaged.
The wyvern skeleton closely misses you.
You hit the wyvern skeleton.
The wyvern skeleton is heavily damaged.
The wyvern skeleton barely misses you.
You hit the wyvern skeleton but do no damage.
You squeeze the wyvern skeleton.
The wyvern skeleton is severely damaged.
The wyvern skeleton closely misses you.
You hit the wyvern skeleton.
The wyvern skeleton is severely damaged.
The wyvern skeleton bites you!
You hit the wyvern skeleton. You squeeze the wyvern skeleton.
The wyvern skeleton is almost destroyed.
The wyvern skeleton closely misses you.
You barely miss the wyvern skeleton.
The wyvern skeleton is almost destroyed.
You block the wyvern skeleton's attack.
You are feeling hungry.
You hit the wyvern skeleton.
The wyvern skeleton is almost destroyed.
The wyvern skeleton bites you!
* * * LOW HITPOINT WARNING * * *
You barely miss the wyvern skeleton.
The wyvern skeleton is almost destroyed.
The wyvern skeleton bites you!
You die...
Fedhas appreciates your contribution to the ecosystem.

## #.# #.# # ###.###.# #
#######.+.....# ..# # # #...
..#####'# #..#.#
######.######.###..## #..#.## #
....................###.....#.#
######.###....................
# #.# #.##..Z###.###.....# #
#.# #.##>.†@(.........# # #(#
#.##...)........### #
#.###.###.####.###.##
######..##.###.# #.# #..##
..)...#.#......#
.#.##...#######
.###...∩...##..# .#
#............
......#.#..##..###
#.##...####### .###.##....##..#
#. ##.## #. ####.##### # #.#


You could see a wyvern skeleton.

Vanquished Creatures
  The ghost of Cimanyd the Covert, a novice OpEn of Fedhas (D:5)
  An ice beast (D:5)
  A phantom (D:5)
  An ogre (D:7)
  2 centaurs (D:5)
  2 bullfrogs (D:7)
  An elf skeleton (D:6)
  A scorpion (D:6)
  5 killer bees (D:6 D:7)
  3 crimson imps (D:5 D:7)
  A bullfrog zombie (D:5)
  2 hounds (D:4 D:7)
  An orc wizard (D:5)
  A centaur skeleton (Ossuary)
  A jelly (D:7)
  An orc priest (D:7)
  2 human skeletons (D:6 Ossuary)
  An iguana (D:5)
  3 worker ants (D:5 D:7)
  2 big kobold skeletons (Ossuary)
  A hound zombie (D:7)
  2 mummies (Ossuary)
  Robin (D:2)
  9 gnolls (D:3 D:4 D:5)
  7 adders (D:3 D:4 D:5 D:7)
  An ooze (D:2)
  2 adder skeletons (Ossuary)
  3 worms (D:2 D:3)
  6 dart slugs (D:1 D:2)
  6 leopard geckos (D:2 D:3 D:5 D:6 D:7)
  7 orcs (D:5 D:7)
  5 bats (D:1 D:2)
  4 giant cockroaches (D:1 D:3 D:5)
  13 goblins (D:1 D:2 D:3)
  12 hobgoblins (D:1 D:2 D:3)
  17 jackals (D:1 D:3 D:5)
  8 kobolds (D:1 D:2 D:3)
  3 quokkas (D:2 D:7)
  2 ball pythons (D:1 D:2)
  2 frilled lizards (D:2 D:3)
  4 goblin skeletons (Ossuary)
  5 hobgoblin skeletons (Ossuary)
  2 hobgoblin zombies (Ossuary)
  2 jackal zombies (Ossuary D:6)
  5 kobold skeletons (Ossuary)
  2 kobold zombies (Ossuary)
  2 leopard gecko skeletons (D:4)
  13 orc skeletons (D:6 Ossuary)
  2 orc zombies (D:6)
  6 rats (D:1 D:2)
  A rat skeleton (Ossuary)
188 creatures vanquished.

Vanquished Creatures (others)
  A worker ant zombie (D:7)
  8 toadstools (D:7)
9 creatures vanquished.

Grand Total: 197 creatures vanquished

Notes
Turn   | Place    | Note
-------+----------+-------------------------------------------
     0 | D:1      | Cimanyd the Octopode Enchanter began the quest for the Orb.
     0 | D:1      | Reached XP level 1. HP: 11/11 MP: 3/3
   126 | D:1      | Reached XP level 2. HP: 13/17 MP: 5/5
   130 | D:1      | Learned a level 2 spell: Ensorcelled Hibernation
   577 | D:1      | Reached XP level 3. HP: 17/21 MP: 1/6
   587 | D:1      | HP: 2/21 [jackal (2)]
   992 | D:1      | Reached skill level 5 in Stealth
  1555 | D:2      | Learned a level 3 spell: Confuse
  1758 | D:2      | Reached XP level 4. HP: 22/27 MP: 7/7
  1950 | D:2      | Noticed Robin
  2105 | D:2      | Found a stormy altar of Qazlal.
  2157 | D:2      | Killed Robin
  2339 | D:2      | Reached skill level 6 in Stealth
  2546 | D:3      | Reached XP level 5. HP: 31/31 MP: 4/8
  3322 | D:4      | Reached skill level 7 in Stealth
  3498 | D:4      | Reached XP level 6. HP: 34/36 MP: 9/9
  3558 | D:4      | Noticed Grinder
  3585 | D:5      | Entered Level 5 of the Dungeon
  3718 | D:5      | Found a blossoming altar of Fedhas.
  3731 | D:5      | Became a worshipper of Fedhas Madash
  4085 | D:5      | Reached XP level 7. HP: 10/41 MP: 0/10
  4350 | D:5      | Noticed Cimanyd's ghost (novice OpEn)
  4429 | D:5      | Reached skill level 8 in Stealth
  4530 | D:5      | Killed Cimanyd's ghost
  4530 | D:5      | Reached skill level 5 in Short Blades
  4620 | D:5      | Reached XP level 8. HP: 41/46 MP: 8/13
  4789 | D:5      | Reached skill level 5 in Hexes
  5160 | D:6      | Found a sand-covered staircase.
  5166 | Ossuary  | Entered an ossuary
  5314 | Ossuary  | Reached * piety under Fedhas
  5609 | Ossuary  | Reached ** piety under Fedhas
  6141 | D:6      | Found a staircase to the Ecumenical Temple.
  6149 | Temple   | Entered the Ecumenical Temple
  6529 | D:6      | Reached skill level 5 in Spellcasting
  6637 | D:7      | HP: 3/46 [killer bee (4)]
  6647 | D:7      | HP: 4/46 [killer bee (5)]
  6925 | D:6      | Reached skill level 1 in Shields
  7199 | D:7      | Reached XP level 9. HP: 51/51 MP: 16/16
  7281 | D:7      | Found Wecipt's Gadget Boutique.
  7615 | D:7      | Slain by a wyvern skeleton

Skill      XL: |  1  2  3  4  5  6  7  8  9 |
---------------+----------------------------+-----
Short Blades   | 2 3 4 5 |  5.3
Stealth        | 5 6 7 8 |  8.0
Spellcasting   | 3 5 |  5.0
Hexes          | 4 6 7 |  7.3
Shields        | 2 3 |  3.7
Dodging        | |  2.0

Action                   |  1- 3 |  4- 6 |  7- 9 || total
-------------------------+-------+-------+-------++-------
Melee: Dagger            |   107 |   180 |   241 ||   528
       Constrict         |    24 |    39 |    52 ||   115
       Tentacles         |    16 |    38 |    35 ||    89
 Cast: Ensorcelled Hiber |     8 |    16 |    17 ||    41
       Confuse           |       |     4 |    20 ||    24
Invok: Fungal Bloom      |       |       |     8 ||     8
  Use: Potion            |     1 |       |     4 ||     5
       Scroll            |       |     9 |     1 ||    10
 Stab: Sleeping          |    10 |    24 |    24 ||    58
       Confused          |       |     1 |     8 ||     9
       Distracted        |       |       |     1 ||     1
  Eat: Chunk             |     3 |     9 |     7 ||    19
       Royal jelly       |       |       |     1 ||     1
       Bread ration      |       |       |     1 ||     1
Armor: Skin              |    22 |    30 |    60 ||   112
Dodge: Dodged            |    72 |   105 |   173 ||   350
Block: Buckler           |       |       |     8 ||     8
